 Dungeon Crawl Stone Soup version 0.27-a0-1136-g0b992a5a9d (webtiles) character file.

Game seed: 2138661834987969513

779 Zeld the Chucker (level 7, -13/49 HPs)
             Began as an Octopode Fighter on May 4, 2021.
             Mangled by an ogre
             ... wielding a +0 giant club
              (26 damage)
             ... on level 5 of the Dungeon.
             The game lasted 00:07:34 (4964 turns).

Zeld the Chucker (Octopode Fighter)                 Turns: 4964, Time: 00:07:34

Health: -13/49     AC:  1    Str: 17    XL:     7   Next: 85%
Magic:  7/7        EV: 11    Int: 11    God:
Gold:   263        SH:  9    Dex: 13    Spells: 6/6 levels left

rFire    . . .     SeeInvis .   a - +0 war axe
rCold    + . .     Faith    .   b - +0 kite shield
rNeg     . . .     Spirit   .   (helmet restricted)
rPois    .         Reflect  .   q - amulet "Tuhiphuja" {rC+ Regen+ Dex+2}
rElec    .         Harm     .   (no ring)
rCorr    .         Rampage  .   (no ring)
Will     .....                  (no ring)
Stlth    ++........             (no ring)
HPRegen  1.16/turn              (no ring)
MPRegen  0.10/turn              (no ring)
                                (no ring)
                                (no ring)

@: no status effects
A: almost no armour, amphibious, 8 rings, camouflage 1, gelatinous body 1,
(nimble swimmer 1), tentacles
a: no special abilities


You were on level 5 of the Dungeon.
You visited 1 branch of the dungeon, and saw 5 of its levels.

You collected 263 gold pieces.

Inventory:

Hand Weapons
 a - a +0 war axe (weapon)
Missiles
 j - 2 silver boomerangs
 l - 10 poisoned darts (quivered)
 p - 3 javelins
Armour
 b - a +0 kite shield (worn)
Jewellery
 q - the amulet "Tuhiphuja" (around mantle) {rC+ Regen+ Dex+2}
   (You found it on level 4 of the Dungeon)

   [amulet of regeneration]

   It affects your dexterity (+2).
   It protects you from cold.
   It increases your rate of health regeneration.
Wands
 r - a wand of iceblast (5)
 t - a wand of mindburst (16)
Scrolls
 c - a scroll of brand weapon {unknown}
 d - 4 scrolls of identify {unknown}
 e - a scroll of enchant weapon {unknown}
 f - a scroll of holy word {unknown}
 n - 2 scrolls of teleportation {unknown}
 u - a scroll of fear {unknown}
Potions
 g - a potion of ambrosia {unknown}
 h - a potion of mutation {unknown}
 i - a potion of lignification {unknown}
 k - 2 potions of curing {unknown}
 m - a potion of haste {unknown}
 o - a potion of degeneration {unknown}
 s - 2 potions of invisibility


   Skills:
 * Level 4.4 Fighting
 * Level 3.8 Axes
 - Level 6.0 Throwing
 - Level 3.0 Dodging
 * Level 4.4 Shields


You had 6 spell levels left.
You didn't know any spells.
Your spell library contained the following spells:

 Spells                   Type           Power      Damage    Failure   Level
 Confusing Touch          Hex            0%         N/A       99%         3
 Gell's Gravitas          Tloc           0%         N/A       99%         3
 Petrify                  Tmut/Erth      0%         N/A       100%        4
 Metabolic Englaciation   Hex/Ice        0%         N/A       100%        5
 Yara's Violent Unravell  Hex/Tmut       0%         3d3       100%        5


Dungeon Overview and Level Annotations

Branches:
Dungeon (5/15)
 Temple: D:4-7

Altars:

Shops:
D:3 =


Innate Abilities, Weirdness & Mutations

You cannot wear most types of armour.
You are amphibious.
You can wear up to eight rings at the same time.
Your skin changes colour to match your surroundings (Stealth+).
Your rubbery body absorbs attacks. (AC +1, EV +1)
((You are camouflaged near water. (Stealth+)))
You have tentacles for arms and can constrict up to eight enemies at once.


Message History

There is an open door here.
Things that are here:
a +2 vorpal long sword; a +2 robe of willpower; the orc skeleton of Blork the orc You see here 15 stones.
u - a scroll labelled EPNEBL NINU
There is a stone staircase leading up here.
Done exploring.
Done exploring.
There is a stone staircase leading down here.
You climb downwards.
An ogre and a zombie come into view.
Found a trident.
Found an escape hatch in the ceiling.
There is a stone staircase leading up here.
The helpless ogre fails to defend itself.
You slash the ogre!
The ogre is heavily wounded.
The ogre hits you with a +0 giant club!!
Ouch! That really hurt!
You are too injured to fight recklessly!
You barely miss the ogre.
The ogre is heavily wounded.
The ogre barely misses you.
Press: ? - help, v - describe, . - travel
Here: an ogre, wielding a +0 giant club (heavily wounded)
The floor.
You slash the ogre!
The ogre is severely wounded.
The ogre hits you with a +0 giant club!
* * * LOW HITPOINT WARNING * * *
You block the hound zombie's attack.
Unknown command.
Press: ? - help, v - describe, . - travel
Here: an ogre, wielding a +0 giant club (severely wounded)
The floor, spattered with blood.
You hit the ogre.
The ogre is almost dead.
You hit the hound zombie.
The ogre hits you with a +0 giant club!!
Ouch! That really hurt!
You die...

.#
####+##.#
#.......#
#.......#
#...)...#
#.......#
#...<...#
+..@O...#
#..Z....#
#.......#
#.......#
#.........
#..........
####.#.....
.#.....


You could see an ogre and a hound zombie.

Vanquished Creatures
  Sigmund (D:4)
  Duvessa (D:4)
  A sky beast (D:2)
  Blork the orc (D:4)
  Dowan (D:4)
  An orc priest (D:4)
  A hound (D:4)
  3 orc wizards
  Robin (D:3)
  3 adders
  2 gnolls (D:2)
  3 worms (D:2)
  4 dart slugs
  5 orcs
  9 ball pythons
  3 bats
  6 endoplasms
  12 giant cockroaches
  10 goblins
  11 hobgoblins
  A jackal (D:2)
  4 quokkas
  8 frilled lizards
  6 kobolds
  6 rats
104 creatures vanquished.

Notes
Turn   | Place    | Note
-------+----------+-------------------------------------------
     0 | D:1      | Zeld the Octopode Fighter began the quest for the Orb.
     0 | D:1      | Reached XP level 1. HP: 16/16 MP: 1/1
   255 | D:1      | Reached XP level 2. HP: 21/21 MP: 2/2
   823 | D:1      | Reached XP level 3. HP: 26/26 MP: 3/3
   924 | D:1      | Found a faded altar of an unknown god.
  1501 | D:2      | Noticed a sky beast
  1542 | D:2      | Killed a sky beast
  1543 | D:2      | Reached XP level 4. HP: 26/33 MP: 4/4
  1543 | D:2      | Reached XP level 5. HP: 30/37 MP: 5/5
  2042 | D:3      | Noticed Robin
  2479 | D:3      | Killed Robin
  2496 | D:3      | Found Jaumox's Jewellery Shop.
  2795 | D:3      | Reached XP level 6. HP: 41/44 MP: 6/6
  2798 | D:3      | Reached skill level 1 in Throwing
  3224 | D:4      | Reached skill level 2 in Throwing
  3274 | D:4      | Identified the amulet "Tuhiphuja" {rC+ Regen+ Dex+2}
  3330 | D:4      | Noticed Sigmund
  3381 | D:4      | Killed Sigmund
  3382 | D:4      | Reached skill level 3 in Throwing
  3382 | D:4      | Reached XP level 7. HP: 36/49 MP: 7/7
  3498 | D:4      | Identified the +4 dagger "Kiab" {vorpal, Str+4 Int+6 Dex-3
                  | SInv}
  3740 | D:3      | Reached skill level 4 in Throwing
  4200 | D:4      | Noticed Dowan
  4200 | D:4      | Noticed Duvessa
  4299 | D:4      | Killed Duvessa
  4300 | D:4      | Reached skill level 5 in Throwing
  4325 | D:4      | Killed Dowan
  4469 | D:4      | Noticed Blork the orc
  4481 | D:4      | Killed Blork the orc
  4482 | D:4      | Reached skill level 6 in Throwing
  4960 | D:5      | Entered Level 5 of the Dungeon
  4964 | D:5      | Mangled by an ogre

Illustrated notes

Levels and vault maps discovered:
D:1:      lemuel_arrival_behind_the_door_large, layout_loops_ring,
          hellmonk_ecumenical_altar_run_dry, kennysheep_nondescript,
          chequers_serial_rivers_small_a
D:2:      minmay_chambers_of_twos, layout_basic
D:3:      minmay_roachtagon, layout_loops_ring, serial_shops,
          nicolae_shop_stone, uniq_robin
D:4:      layout_loops_corners, uniq_sigmund, uniq_duvessa, uniq_blork_the_orc
D:5:      gammafunk_wand_slinger, layout_basic, temple_hall, serial_shops, shop

Skill      XL: |  1  2  3  4  5  6  7 |
---------------+----------------------+-----
Fighting       | 4 |  4.4
Axes           | 3 |  3.8
Shields        | 4 |  4.4
Throwing       | 3 6 |  6.0
Dodging        | |  3.0

Action                   |  1- 3 |  4- 6 |  7- 9 || total
-------------------------+-------+-------+-------++-------
Melee: War axe           |    62 |    76 |    39 ||   177
       Tentacles         |    17 |    10 |     7 ||    34
       Constrict         |    17 |    15 |     7 ||    39
Throw: Dart              |       |     6 |     5 ||    11
  Use: Potion            |     1 |     1 |       ||     2
 Stab: Sleeping          |     4 |     4 |     1 ||     9
Armor: Skin              |     2 |     2 |     2 ||     6
Dodge: Dodged            |    23 |    41 |    10 ||    74
Block: Kite shield       |    23 |    57 |    17 ||    97

Table legend: (Time is in decaauts)
 A = Elapsed time spent in this place.
 B = Non-inter-level travel time spent in this place.
 C = Inter-level travel time spent in this place.
 D = Time resting spent in this place.
 E = Time spent auto-exploring this place.
 F = Levels seen in this place.
 G = Mean time per level.
                   A        B        C        D        E       F      G
               +--------+--------+--------+--------+--------+-----+--------+
         Total |   5068 |   4938 |    130 |   1556 |   2638 |   5 | 1013.6 |
       Dungeon |   5068 |   4938 |    130 |   1556 |   2638 |   5 | 1013.6 |
               +--------+--------+--------+--------+--------+-----+--------+

Top non-repeatable levels by time:
     D:3: 1315 daAuts
     D:1: 1287 daAuts
     D:4: 1233 daAuts
     D:2: 1226 daAuts
     D:5: 5 daAuts
